 Dungeon Crawl Stone Soup version 0.28.0 (webtiles) character file.

Game seed: 14405492233910717847

11986 browni3141 the Tortoise (level 11, -4/156 HPs)
             Began as a Minotaur Berserker on Feb 15, 2022.
             Was an Elder of Trog.
             Slain by Sonja the basilisk (10 damage)
             ... on level 10 of the Dungeon.
             The game lasted 00:06:43 (12837 turns).

browni3141 the Tortoise (Minotaur Berserker)       Turns: 12837, Time: 00:06:44

Health: -4/156     AC: 24    Str: 30    XL:     11   Next: 56%
Magic:  10/10      EV:  9    Int:  4    God:    Trog [****..]
Gold:   571        SH:  0    Dex: 15    Spells: 10/10 levels left

rFire   . . .      SeeInvis .   F - +0 broad axe
rCold   . . .      Faith    .   (no shield)
rNeg    . . .      Spirit   .   x - +0 plate armour
rPois   .          Reflect  .   (helmet restricted)
rElec   .          Harm     .   C - +2 cloak
rCorr   .          Rampage  .   E - +2 pair of gloves {Str+3}
Will    ++...                   (no boots)
Stlth   ..........              (no amulet)
HPRegen 1.36/turn               g - +4 ring of slaying
MPRegen 0.12/turn               u - +6 ring of dexterity

@: berserking, lethally poisoned (-4 -> -4), strong-willed, regenerating, slowed
A: horns 2, retaliatory headbutt
a: Renounce Religion, Berserk, Trog's Hand, Brothers in Arms


You were on level 10 of the Dungeon.
You worshipped Trog.
Trog was greatly pleased with you.
You visited 1 branch of the dungeon, and saw 10 of its levels.

You collected 571 gold pieces.

Inventory:

Hand Weapons
 a - a +0 hand axe
 F - a +0 broad axe (weapon)
Armour
 b - a +0 animal skin
 t - the +4 ring mail "Cicitar" {*Corrode Dex+4 SInv}
   (You found it on level 5 of the Dungeon)

   Dex:       It affects your dexterity (+4).
   SInv:      It lets you see invisible.
   *Corrode:  It may corrode you when you take damage.
 x - a +0 plate armour (worn)
 C - a +2 cloak (worn)
 E - a +2 pair of gloves of strength (worn)
Jewellery
 g - a +4 ring of slaying (left hand)
 u - a +6 ring of dexterity (right hand)
 w - a +6 ring of dexterity
Wands
 c - a wand of polymorph (1)
 m - a wand of flame (14)
 y - a wand of charming (16)
Scrolls
 d - 2 scrolls of summoning
 e - 4 scrolls of teleportation
 i - 6 scrolls of fear
 j - a scroll of vulnerability
 l - a scroll of magic mapping
 o - a scroll of enchant weapon {unknown}
 q - a scroll of amnesia
 s - a scroll of torment
 v - 3 scrolls of fog
 A - 2 scrolls of blinking
 G - 2 scrolls of immolation
 H - a scroll of identify
Potions
 f - a potion of might
 h - 4 potions of curing {unknown}
 k - a potion of lignification {unknown}
 n - 3 potions of berserk rage {unknown}
 p - 2 potions of heal wounds {unknown}
 r - a potion of flight {unknown}
 B - a potion of mutation {unknown}
 D - a potion of magic {unknown}


   Skills:
 + Level 11.7 Fighting
 + Level 11.7 Axes
 * Level 15.5 Armour
 - Level 2.3 Dodging


You had 10 spell levels left.
You didn't know any spells.
Your spell library was empty.

Dungeon Overview and Level Annotations

Branches:
Dungeon (10/15)            Temple (0/1) D:5            Lair (0/6) D:9
    Orc (0/2) D:9

Altars:
Ashenzari
Cheibriados
Elyvilon
Okawaru
Sif Muna
Wu Jian
Beogh

Portals:
Trove: D:10 (give 5 scrolls of blinking)

Annotations:
D:10 Sonja


Innate Abilities, Weirdness & Mutations

You have a pair of horns on your head.
You reflexively headbutt those who attack you in melee.


Message History

You are too injured to fight recklessly!
You miss Sonja. Your headbutt misses Sonja.
Sonja is severely wounded.
Sonja hits you but does no damage.
Sonja hits you with a +2 dagger of distortion.
* * * LOW HITPOINT WARNING * * *
You blink.
Sonja throws a curare-tipped dart.
The curare-tipped dart hits you.
You are poisoned.
You have difficulty breathing.
* * * LOW HITPOINT WARNING * * *
You feel as though you will be slow longer.
Aiming: Polymorph
Press: ? - help, Shift-Dir - straight line, f/p - Sonja
Aim: Sonja, wielding a +2 dagger of distortion and quivering curare-tipped darts (severely wounded, will become an adder, a hog, or a basilisk, chance to affect: 57%) Sonja resists with significant effort.
* * * LOW HITPOINT WARNING * * *
You feel very sick.
Sonja shouts, "Too slow!"
Aiming: Polymorph
Press: ? - help, Shift-Dir - straight line, f/p - Sonja
Aim: Sonja, wielding a +2 dagger of distortion and quivering curare-tipped darts (severely wounded, will become an adder, a hog, or a basilisk, chance to affect: 57%) Sonja evaporates and reforms as a basilisk!
* * * LOW HITPOINT WARNING * * *
You feel very sick.
You are too injured to fight recklessly!
You are too injured to fight recklessly!
Your skin crawls.
You feel strong-willed.
You feel very sick. Sonja gazes at you. You resist with almost no effort.
A red film seems to cover your vision as you go berserk!
You feel yourself moving faster!
You feel mighty!
You feel sick. Sonja barely misses you.
You slash Sonja!
Sonja is moderately wounded.
You feel sick.
Sonja hisses menacingly.
Sonja bites you!
You die...

............# #............
............# #............
..<.......### ###............
.[........#.## ##........#####.
...########..#####.........#...#.
..<#......(......#.........#...#.
...'.............#.........#...+.
...#.............##..#######...#.
...#.####....).l@(#..'.........#.
...#.#..#.........#..#.........#.
...###..#+#########..#.........#.
.....................#.........#.
............####.....###.......#.
............# #####...#.......#.
'######+##..# #.###.......'.
.........#..# #.#.......∩.#.
.........#..# #.#.........#.


You could see Sonja the basilisk.

Vanquished Creatures
  A centaur warrior (D:8)
  4 death yaks (D:9)
  The ghost of Clumpoid the Shield-Bearer, a novice GnFi (D:6)
  A deep elf zephyrmancer (D:9)
  Joseph (D:7)
  Grinder (D:5)
  A meliai zombie (D:10)
  Eustachio (D:6)
  A wyvern (D:9)
  A wraith (D:10)
  13 yaks
  A basilisk (D:8)
  Menkaure (D:5)
  4 water moccasins
  9 orc warriors
  2 sky beasts (D:6)
  2 black bears
  A necrophage (D:6)
  An ogre (D:2)
  7 centaurs
  A phantom (D:7)
  3 kobold brigands
  A bullfrog (D:6)
  A gnoll sergeant (D:10)
  3 scorpions
  8 killer bees
  8 wights
  A howler monkey (D:5)
  A bullfrog zombie (D:6)
  5 quasits (D:6)
  2 centaur zombies
  3 gnoll shamans
  3 jellies
  4 hounds
  7 orc priests
  An iguana (D:6)
  Jessica (D:2)
  7 orc wizards
  A howler monkey zombie (D:10)
  22 gnolls
  2 adders
  A shadow imp (D:8)
  6 white imps
  An ufetubus (D:5)
  6 worms
  2 dart slugs
  38 orcs
  7 endoplasms
  4 giant cockroaches
  6 goblins
  9 hobgoblins
  19 kobolds
  A quokka (D:2)
  8 ball pythons
  5 bats
  5 frilled lizards
  3 rats (D:2)
260 creatures vanquished.

Vanquished Creatures (others)
  A plant (D:1)
1 creature vanquished.

Grand Total: 261 creatures vanquished

Notes
Turn   | Place    | Note
-------+----------+-------------------------------------------
     0 | D:1      | browni3141 the Minotaur Berserker began the quest for the
                  | Orb.
     0 | D:1      | Reached XP level 1. HP: 19/19 MP: 0/0
   235 | D:1      | Reached XP level 2. HP: 20/27 MP: 1/1
   437 | D:1      | Reached skill level 3 in Armour
   519 | D:1      | Found a faded altar of an unknown god.
   969 | D:2      | Noticed Jessica
   971 | D:2      | Reached XP level 3. HP: 31/33 MP: 2/2
   978 | D:2      | Killed Jessica
  1127 | D:2      | Noticed an ogre
  1130 | D:2      | HP: 1/33 [ogre (32)]
  1133 | D:2      | Killed an ogre
  1134 | D:2      | Reached skill level 4 in Armour
  1134 | D:2      | Reached XP level 4. HP: 3/41 MP: 3/3
  1134 | D:2      | Reached XP level 5. HP: 3/47 MP: 4/4
  1722 | D:2      | Reached ** piety under Trog
  2099 | D:3      | Reached skill level 5 in Armour
  2356 | D:3      | Reached skill level 5 in Fighting
  2782 | D:3      | Reached skill level 5 in Axes
  3318 | D:4      | Reached XP level 6. HP: 45/56 MP: 5/5
  3728 | D:4      | Reached skill level 6 in Armour
  3849 | D:4      | Found an iron altar of Okawaru.
  4428 | D:5      | Entered Level 5 of the Dungeon
  4428 | D:5      | Noticed Menkaure
  4432 | D:5      | Killed Menkaure
  4433 | D:5      | Reached XP level 7. HP: 62/62 MP: 6/6
  4588 | D:5      | Identified the +4 ring mail "Cicitar" {*Corrode Dex+4 SInv}
  4646 | D:5      | Reached skill level 7 in Armour
  5168 | D:5      | Found a snail-covered altar of Cheibriados.
  5526 | D:5      | Found a staircase to the Ecumenical Temple.
  5534 | D:5      | Reached skill level 8 in Armour
  5567 | D:5      | Noticed Grinder
  5573 | D:5      | Killed Grinder
  5574 | D:5      | Reached XP level 8. HP: 71/71 MP: 7/7
  6036 | D:6      | Found a transporter.
  6223 | D:6      | Noticed Clumpoid's ghost (novice GnFi)
  6255 | D:6      | Found a transporter.
  6283 | D:6      | Reached skill level 9 in Armour
  6284 | D:6      | Identified the +0 robe of Yesterday {Harm rPois Slay+2}
  6661 | D:6      | Reached *** piety under Trog
  6662 | D:6      | Reached skill level 10 in Armour
  6799 | D:6      | Noticed Eustachio
  6804 | D:6      | Killed Eustachio
  6805 | D:6      | Reached XP level 9. HP: 81/81 MP: 8/8
  6874 | D:6      | Found a broken altar of Ashenzari.
  7449 | D:6      | Killed Clumpoid's ghost
  7450 | D:6      | Reached skill level 11 in Armour
  7556 | D:7      | Noticed Joseph
  7566 | D:7      | HP: 3/123 [Joseph (6)]
  7567 | D:7      | Killed Joseph
  7968 | D:7      | Found a white marble altar of Elyvilon.
  8269 | D:7      | Reached skill level 12 in Armour
  8786 | D:8      | Reached **** piety under Trog
  8787 | D:8      | Reached XP level 10. HP: 90/91 MP: 9/9
  9497 | D:8      | Noticed a centaur warrior
  9504 | D:8      | Killed a centaur warrior
  9505 | D:8      | Reached skill level 10 in Fighting
  9505 | D:8      | Reached skill level 10 in Axes
  9505 | D:8      | Reached skill level 13 in Armour
  9894 | D:8      | Found an ornate altar of the Wu Jian Council.
 10604 | D:9      | Reached skill level 14 in Armour
 10771 | D:9      | Noticed a death yak
 10777 | D:9      | Found a staircase to the Orcish Mines.
 10851 | D:9      | Killed a death yak
 10852 | D:9      | Reached XP level 11. HP: 50/101 MP: 10/10
 11160 | D:9      | Noticed a deep elf zephyrmancer
 11166 | D:9      | Killed a deep elf zephyrmancer
 11273 | D:9      | Noticed a death yak
 11274 | D:9      | Noticed a death yak
 11275 | D:9      | Found a staircase to the Lair.
 11275 | D:9      | Noticed a death yak
 11280 | D:9      | Killed a death yak
 11285 | D:9      | Killed a death yak
 11290 | D:9      | Killed a death yak
 11291 | D:9      | Reached skill level 15 in Armour
 11566 | D:9      | Found a shimmering blue altar of Sif Muna.
 12077 | D:10     | Entered Level 10 of the Dungeon
 12489 | D:10     | Found a portal to a secret trove of treasure.
 12820 | D:10     | Noticed Sonja
 12834 | D:10     | Noticed Sonja
 12834 | D:10     | Sonja changed into Sonja the basilisk
 12834 | D:10     | HP: 5/104 [poisoned by Sonja (curare-tipped dart)]
 12837 | D:10     | Slain by Sonja the basilisk

Illustrated notes

Levels and vault maps discovered:
D:1:      eino_arrival_water_cross, layout_rooms,
          chequers_ecumenical_altar_simple_redux, serial_bayou_pond_d,
          chequers_arboretum, minmay_lizard_pond
D:2:      layout_loops_ring, uniq_jessica
D:3:      layout_loops_cross
D:4:      layout_layer_cave, okawaru_ov_weapons_minmay, serial_rivers,
          chequers_serial_rivers_micro_e, chequers_serial_rivers_small_b,
          chequers_serial_rivers_large_a, chequers_serial_rivers_large_b,
          kennysheep_decorative_pillar
D:5:      layout_basic, mainiacjoe_overflow_small_starburst,
          minmay_temple_entry_proselytizer,
          hangedman_abyss_or_decor_lesser_grid, uniq_menkaure, uniq_grinder
D:6:      layout_layer_cave, lemuel_doored_altar, gammafunk_ghost_stat_death,
          uniq_eustachio
D:7:      layout_basic, mainiacjoe_overflow_alcove_2, uniq_joseph
D:8:      layout_basic, kennysheep_little_box, small_chamber_with_monster,
          kennysheep_generic_room_11
D:9:      layout_loops_ring, lemuel_tele_altar, dpeg_lair_monsters, david_orc_5,
          guppyfry_early_elven_hall
D:10:     layout_irregular_city, zin_treasury, enter_trove_0,
          serial_column_ruins, column_ruins_square_medium, column_ruins_grid_1,
          column_ruins_open_large, column_ruins_grid_3,
          column_ruins_open_medium, column_ruins_grid_2, uniq_sonja

Skill      XL: |  1  2  3  4  5  6  7  8  9 10 11 |
---------------+----------------------------------+-----
Armour         | 3 4 5 6 8 10 12 14 15 | 15.5
Fighting       | 4 5 6 7 9 10 11 | 11.7
Axes           | 4 5 6 7 9 10 11 | 11.7
Dodging        | |  2.3

Action                   |  1- 3 |  4- 6 |  7- 9 | 10-12 || total
-------------------------+-------+-------+-------+-------++-------
Melee: Hand axe          |    55 |   101 |   162 |   167 ||   485
       Headbutt          |     4 |    13 |    39 |    59 ||   115
       Punch             |     1 |     3 |     5 |     4 ||    13
       Broad axe         |       |       |       |    98 ||    98
Throw: Throwing net      |       |       |       |     3 ||     3
Invok: Berserk           |     1 |     2 |    10 |    13 ||    26
       Trog's Hand       |       |       |       |     1 ||     1
Evoke: Wand              |       |       |       |     3 ||     3
  Use: Scroll            |       |       |       |    13 ||    13
 Stab: Sleeping          |       |     2 |       |       ||     2
Armor: Animal skin       |    15 |     5 |     6 |       ||    26
       Ring mail         |       |       |    81 |    33 ||   114
       Plate armour      |       |       |       |   126 ||   126
Dodge: Dodged            |    36 |    59 |   145 |   128 ||   368
